 Dungeon Crawl Stone Soup version 0.21-a0-2-ge494091 (webtiles) character file.

397 sveltemanboy the Slasher (level 6, 0/47 HPs)
             Began as a Demonspawn Monk on May 22, 2017.
             Was a Believer of Makhleb.
             Killed by nerve-wracking pain
             ... invoked by an orc priest
              (11 damage)
             ... on level 5 of the Dungeon.
             The game lasted 00:07:45 (3692 turns).

sveltemanboy the Slasher (Demonspawn Monk)          Turns: 3692, Time: 00:07:46

Health: 0/47       AC: 13    Str: 14    XL:     6   Next: 53%
Magic:  9/9        EV: 12    Int: 11    God:    Makhleb [**....]
Gold:   237        SH:  0    Dex: 15    Spells: 5/5 levels left

rFire    . . .     SeeInvis +   a - +0 falchion
rCold    . . .     Gourm    .   (no shield)
rNeg     . . .     Faith    .   v - +0 scale mail
rPois    .         Spirit   .   (helmet restricted)
rElec    .         Reflect  .   t - +2 cloak
rCorr    .         Harm     .   (no gloves)
MR       .....                  b - +0 pair of boots
Stlth    ++........             (no amulet)
Regen    0.2/turn               d - ring of see invisible
MPRegen  0.2/turn               n - +3 ring of protection

@: no status effects
A: horns 2, repulsion field 1, nightstalker 1
a: Minor Destruction, Renounce Religion


You were on level 5 of the Dungeon.
You worshipped Makhleb.
Makhleb was pleased with you.
You were not hungry.

You visited 1 branch of the dungeon, and saw 5 of its levels.

You collected 237 gold pieces.

Inventory:

Hand Weapons
 a - a +0 falchion (weapon)
Armour
 b - a +0 pair of boots (worn)
 t - a +2 cloak (worn)
 v - a +0 scale mail (worn)
Jewellery
 d - a ring of see invisible (left hand)
 f - an uncursed ring of resist corrosion
 n - a +3 ring of protection (right hand)
Wands
 s - a wand of acid (0/15)
Scrolls
 e - 3 scrolls of fog
 g - 2 scrolls of teleportation
 i - a scroll of amnesia
 l - 4 scrolls of identify
 w - a scroll of recharging {unknown}
 x - a scroll of enchant armour {unknown}
 y - a scroll of magic mapping {unknown}
Potions
 h - a potion of invisibility {unknown}
 j - 3 potions of curing {unknown}
 m - a potion of berserk rage {unknown}
 p - a potion of mutation {unknown}
 r - a potion of agility {unknown}
 u - a potion of degeneration {unknown}
 B - 2 potions of ambrosia {unknown}
 D - 2 potions of might {unknown}
Comestibles
 c - a bread ration
 k - 2 meat rations
 o - 4 chunks of flesh
 q - 2 royal jellies
 A - 3 fruits


   Skills:
 - Level 3.0 Fighting
 * Level 5.4 Long Blades
 - Level 2.0 Armour
 - Level 3.0 Dodging
 - Level 1.7 Stealth
 + Level 4.0 Invocations


You had 5 spell levels left.
You didn't know any spells.

Dungeon Overview and Level Annotations

Branches:
Dungeon (5/15)
 Temple: D:4-7

Altars:
Elyvilon
Makhleb
Xom

Annotations:
D:1 1 runed door


Innate Abilities, Weirdness & Mutations

You have a pair of horns on your head.
You are surrounded by a mild repulsion field. (EV +2)
You are slightly more attuned to the shadows.


Message History

The orc priest is heavily wounded.
The orc priest calls down the wrath of Beogh upon you.
Beogh smites you!
You hear a shout!
Your scale mail prevents you from hitting the orc priest.
You headbutt the orc priest.
The orc priest is severely wounded.
The orc priest mumbles some strange prayers to Beogh against you.
Pain shoots through your body!
* * * LOW HITPOINT WARNING * * *
You are too injured to fight recklessly!
You are too injured to fight recklessly!
You hit the orc priest.
The orc priest is almost dead.
The orc priest hits you but does no damage.
Your scale mail prevents you from hitting the orc priest.
The orc priest is almost dead.
The orc priest calls down the wrath of Beogh upon you.
Pain shoots through your body!
You die...

#.# #.# #.## #.# ..# .%
...# #.# #..# ..o ...##
#.## #..# .... ....###
#..## #..####...o
......###...####
#.........
.####..........##
##.o...... .##
##..........#####....!....
..#
#....###...@##...........
..##
##..........o.######.....
#..####..........### .....
#....##..###.....# ....
.#....#..........# ##..
.....##.##.####..# ..
....## .# ##.# ##### #.#


You could see an orc priest.

Vanquished Creatures
  A sky beast (D:5)
  An ogre (D:4)
  An orc wizard (D:5)
  2 worker ants
  A hound skeleton (D:4)
  6 adders
  An ooze (D:2)
  A worm (D:2)
  A dart slug (D:1)
  A leopard gecko (D:2)
  2 orcs (D:5)
  A ball python (D:4)
  3 giant cockroaches
  9 goblins
  7 hobgoblins
  8 jackals
  3 quokkas
  4 bats
  6 frilled lizards
  5 kobolds
  5 rats
69 creatures vanquished.

Notes
Turn   | Place    | Note
-------+----------+-------------------------------------------
     0 | D:1      | sveltemanboy the Demonspawn Monk began the quest for the Orb.
     0 | D:1      | Reached XP level 1. HP: 18/18 MP: 1/1
     1 | D:1      | Found a runed door.
     2 | D:1      | Noticed a jelly
   473 | D:1      | Reached skill level 3 in Long Blades
   473 | D:1      | Gained mutation: You are surrounded by a mild repulsion field. (EV +2) [demonic ancestry]
   473 | D:1      | Reached XP level 2. HP: 20/24 MP: 2/2
   671 | D:1      | Reached skill level 1 in Armour
  1003 | D:1      | Reached XP level 3. HP: 23/29 MP: 3/3
  1563 | D:2      | Found a burning altar of Makhleb.
  1670 | D:2      | Became a worshipper of Makhleb the Destroyer
  1670 | D:2      | Reached * piety under Makhleb
  1670 | D:2      | Reached ** piety under Makhleb
  1738 | D:2      | Gained mutation: You have a pair of small horns on your head. [demonic ancestry]
  1738 | D:2      | Reached XP level 4. HP: 35/35 MP: 4/4
  1964 | D:2      | Reached skill level 1 in Invocations
  2475 | D:3      | Found a shimmering altar of Xom.
  2563 | D:3      | Reached skill level 4 in Long Blades
  3025 | D:4      | Gained mutation: You are slightly more attuned to the shadows. [demonic ancestry]
  3025 | D:4      | Reached XP level 5. HP: 30/41 MP: 6/6
  3284 | D:4      | Found a white marble altar of Elyvilon.
  3416 | D:4      | Noticed an ogre
  3418 | D:4      | Killed an ogre
  3511 | D:5      | Entered Level 5 of the Dungeon
  3574 | D:5      | Reached skill level 5 in Long Blades
  3574 | D:5      | Gained mutation: You have a pair of horns on your head. [demonic ancestry]
  3574 | D:5      | Reached XP level 6. HP: 47/47 MP: 8/8
  3620 | D:5      | Noticed a sky beast
  3624 | D:5      | Killed a sky beast
  3692 | D:5      | Killed from afar by an orc priest

Vault maps used:
D:1:      dpeg_arrival_caged_fury
D:2:      bloody_makhleb
D:3:      xom_teletrap_fun
D:4:      elyvilon_altar_5
D:5:      serial_shops, nicolae_shop_crystal, first_bread, chei_slow_surprise

Skill      XL: |  1  2  3  4  5  6 |
---------------+-------------------+-----
Long Blades    | 3 4 5 |  5.4
Armour         | 1 2 |  2.0
Dodging        | 3 |  3.0
Invocations    | 2 3 4 |  4.0
Fighting       | |  3.0
Stealth        | |  1.7

Action                   |  1- 3 |  4- 6 || total
-------------------------+-------+-------++-------
Melee: Falchion          |    95 |   105 ||   200
       Headbutt          |       |    21 ||    21
Invok: Minor Destruction |       |     6 ||     6
Evoke: Wand              |       |     3 ||     3
  Use: Scroll            |       |     5 ||     5
  Eat: Chunk             |     2 |     7 ||     9
Armor: Ring mail         |    14 |       ||    14
       Scale mail        |     5 |    42 ||    47
Dodge: Dodged            |    65 |    59 ||   124
       Rpst.: Falchion   |    23 |    17 ||    40
